[Event "FIDE World Chess Grand Prix 2017"]
[Site "Sharjah"]
[Date "2017.02.21"]
[Round "4"]
[White "Eljanov, Pavel"]
[Black "Hou, Yifan"]
[Result "1/2-1/2"]
[ECO "E48"]
[WhiteElo "2759"]
[BlackElo "2651"]
[Annotator ""]
[PlyCount "133"]
[EventDate "2017.??.??"]
[EventType "swiss"]
[EventCountry "UAE"]
[SourceTitle "playchess.com"]
[Source "ChessBase"]
[SourceQuality "1"]
[TimeControl "40/6000+30:20/3000+30:900+30"]

1. d4 {(0)} Nf6 {(6)} 2. c4 {(0)} e6 {(
00:05)} 3. Nc3 {(0)} Bb4 {(11)} 4. e3 {(0)} O-O
{(1:21)} 5. Bd3 {(12)} d5 {(1:28)} 6. cxd5 {(
00:07)} exd5 {(4)} 7. Nge2 {(4)} Re8 {(3:16)} 8.
Bd2 {(1:42)} c6 {(4:15)} 9. O-O {(12:19)} Bd6 {(
01:00)} 10. Ng3 {(2:04)} Nbd7 {(6:20)} 11. Rc1 {(7:50)}
Nf8 {(10:30)} 12. f3 {(1:47)} Ne6 {(7:03)} 13. Be1 {
(07:45)} a6 {(15:04)} 14. Bf2 {(4:57)} c5 {(4:59)
} 15. Re1 {(5:55)} cxd4 {(8:52)} 16. exd4 {(10)} Nf4
{(3)} 17. Rxe8+ {(2:53)} Qxe8 {(11)} 18. Bb1 {
(01:01)} Bd7 {(2:05)} 19. Qd2 {(5:32)} g6 {(5:
53)} 20. Nf1 {(12:03)} Qf8 {(7:26)} 21. Be3 {(6:48)} Qb8
{(1:49)} 22. a3 {(54)} Bc6 {(2:54)} 23. Ba2 {(
01:25)} Ne6 {(2:43)} 24. Re1 {(9:14)} Qc7 {(4:05)} 25.
Bf2 {(39)} Bf4 {(3:00)} 26. Qd1 {(6:30)} Rd8 {
(02:44)} 27. Bh4 {(2:54)} Bg5 {(14)} 28. Bxg5 {
(00:09)} Nxg5 {(2)} 29. Qd2 {(2:46)} Ne6 {(
06)} 30. Ne3 {(2:28)} Qf4 {(4:23)} 31. Rd1 {(46)} Kg7
{(1:49)} 32. Nc2 {(6:23)} Qxd2 {(2:42)} 33. Rxd2 {
(00:05)} Kf8 {(7)} 34. Kf2 {(1:14)} Ke7 {(
10)} 35. h4 {(12)} h5 {(1:01)} 36. Ne3 {(1:56)} Nc7 {
(02:21)} 37. g4 {(3:53)} hxg4 {(3:07)} 38. fxg4 {
(00:03)} Kd6 {(3:31)} 39. g5 {(1:38)} Nh5 {(
16)} 40. Ng4 {(0)} f6 {(1:55)} 41. gxf6 {(14:38)} Rf8
{(10:55)} 42. Ke3 {(21)} Ng3 {(5:18)} 43. Rf2 {
(25:38)} Nf5+ {(1:20)} 44. Kd3 {(5)} Nxh4 {(
01:14)} 45. Ne3 {(8)} Nf5 {(26:20)} 46. Nxf5+ {(37)
} gxf5 {(1)} 47. Rxf5 {(14)} Bd7 {(1:24)} 48. Rh5
{(8:52)} Be6 {(8)} 49. Rh6 {(6)} Rf7 {(6:
32)} 50. Na4 {(18)} a5 {(1:16)} 51. Nc5 {(3:55)} Ne8
{(1:08)} 52. Bb3 {(4:06)} b6 {(20)} 53. Na4 {(
00:07)} Kc6 {(53)} 54. Nc3 {(1:01)} b5 {(29)} 55.
Rh8 {(33)} Nc7 {(1)} 56. Rh6 {(31)} Ne8 {
(00:01)} 57. Rh5 {(16)} Nc7 {(1:23)} 58. a4 {(
00:12)} b4 {(48)} 59. Nb5 {(6)} Ne8 {(4)} 60.
Re5 {(0)} Rxf6 {(15)} 61. Bxd5+ {(9:43)} Bxd5 {
(00:05)} 62. Rxe8 {(5)} Rf3+ {(3:08)} 63. Kd2 {
(01:31)} Rf2+ {(8)} 64. Re2 {(1:11)} Rxe2+ {(
00:25)} 65. Kxe2 {(3)} Bb3 {(36)} 66. Kd2 {(33)}
Bxa4 {(9)} 67. Nc3 {(17)} 1/2-1/2

[Event "FIDE World Chess Grand Prix 2017"]
[Site "Sharjah"]
[Date "2017.02.21"]
[Round "4"]
[White "Hammer, Jon Ludvig"]
[Black "Vallejo Pons, Francisco"]
[Result "1/2-1/2"]
[ECO "D35"]
[WhiteElo "2628"]
[BlackElo "2709"]
[Annotator ""]
[PlyCount "47"]
[EventDate "2017.??.??"]
[EventType "swiss"]
[EventCountry "UAE"]
[SourceTitle "playchess.com"]
[Source "ChessBase"]
[SourceQuality "1"]
[TimeControl "40/6000+30:20/3000+30:900+30"]

1. d4 {(0)} d5 {(27)} 2. c4 {(0)} e6 {(
00:08)} 3. Nc3 {(2:49)} Nf6 {(35)} 4. cxd5 {(50)}
Nxd5 {(23)} 5. e4 {(24)} Nxc3 {(12)} 6. bxc3 {
(00:06)} c5 {(9)} 7. Nf3 {(1:39)} cxd4 {(
15)} 8. cxd4 {(2)} Bb4+ {(7)} 9. Bd2 {(11)}
Bxd2+ {(8)} 10. Qxd2 {(8)} O-O {(11)} 11. Rc1 {
(15:19)} b6 {(1:16)} 12. Bd3 {(13)} Bb7 {(
21)} 13. O-O {(1:03)} Nd7 {(47)} 14. Qe3 {(6)} Nf6
{(11:27)} 15. Ne5 {(11)} Qe7 {(1:55)} 16. f3 {(
01:39)} Rfd8 {(5:28)} 17. Rc2 {(33:25)} Rac8 {(20:08)}
18. Rfc1 {(1:06)} h6 {(13:13)} 19. Be2 {(10:30)} Qd6 {
(08:46)} 20. a3 {(6:35)} Rxc2 {(6:07)} 21. Rxc2 {
(00:02)} Nd7 {(9:28)} 22. Nc4 {(5)} Qc7 {(
45)} 23. Bd3 {(24)} b5 {(4:01)} 24. Nd2 {(41)}
1/2-1/2

[Event "FIDE World Chess Grand Prix 2017"]
[Site "Sharjah"]
[Date "2017.02.21"]
[Round "4"]
[White "Jakovenko, Dmitry"]
[Black "Ding, Liren"]
[Result "1/2-1/2"]
[ECO "A10"]
[WhiteElo "2709"]
[BlackElo "2760"]
[Annotator ""]
[PlyCount "57"]
[EventDate "2017.??.??"]
[EventType "swiss"]
[EventCountry "UAE"]
[SourceTitle "playchess.com"]
[Source "ChessBase"]
[SourceQuality "1"]
[TimeControl "40/6000+30:20/3000+30:900+30"]

1. c4 {(0)} g6 {(6)} 2. g3 {(3:59)} Bg7 {(
02:28)} 3. Bg2 {(5)} Nf6 {(6)} 4. Nf3 {(42)} c6
{(1:22)} 5. O-O {(41)} d5 {(45)} 6. b3 {(
07)} Ne4 {(7:37)} 7. d4 {(30)} O-O {(35)} 8. Bb2 {
(00:06)} a5 {(2:07)} 9. Nc3 {(7:44)} Bf5 {(2:16)
} 10. e3 {(5:17)} Nxc3 {(25)} 11. Bxc3 {(7)} Be4 {
(00:08)} 12. Qe2 {(2:38)} e6 {(21)} 13. Rfd1 {(
01:31)} Nd7 {(54)} 14. Bf1 {(8)} g5 {(7:56)} 15.
Rac1 {(12:04)} Bxf3 {(3:50)} 16. Qxf3 {(6)} f5 {
(00:15)} 17. Bd3 {(8:11)} Nf6 {(12:24)} 18. cxd5 {
(03:28)} cxd5 {(1:47)} 19. b4 {(10:38)} axb4 {(
22)} 20. Bxb4 {(5)} Rf7 {(4)} 21. Qe2 {(5:54)} h5
{(15)} 22. Rc3 {(2:08)} h4 {(5:37)} 23. Rdc1 {
(02:38)} Bf8 {(4:21)} 24. Bxf8 {(5:22)} Qxf8 {(
00:08)} 25. gxh4 {(6:59)} gxh4 {(24)} 26. Kh1 {(4:08]
} Rg7 {(4:32)} 27. Rc7 {(3:21)} Qd6 {(11:25)} 28. Rxg7+
{(1:08)} Kxg7 {(1:40)} 29. h3 {(37)} 1/2-1/2

[Event "FIDE World Chess Grand Prix 2017"]
[Site "Sharjah"]
[Date "2017.02.21"]
[Round "4"]
[White "Mamedyarov, Shakhriyar"]
[Black "Adams, Michael"]
[Result "1-0"]
[ECO "D35"]
[WhiteElo "2766"]
[BlackElo "2751"]
[Annotator ""]
[PlyCount "85"]
[EventDate "2017.??.??"]
[EventType "swiss"]
[EventCountry "UAE"]
[SourceTitle "playchess.com"]
[Source "ChessBase"]
[SourceQuality "1"]
[TimeControl "40/6000+30:20/3000+30:900+30"]

1. d4 {(0)} Nf6 {(5)} 2. c4 {(0)} e6 {(
00:05)} 3. Nc3 {(0)} d5 {(5)} 4. cxd5 {(0)}
exd5 {(4)} 5. Bg5 {(0)} c6 {(7)} 6. e3 {
(00:01)} h6 {(9)} 7. Bh4 {(6)} Be7 {(7)
} 8. Bd3 {(7)} Nbd7 {(7)} 9. Nge2 {(31)} Nh5 {
(02:41)} 10. Bxe7 {(10)} Qxe7 {(5)} 11. Qd2 {
(00:24)} Nb6 {(4:47)} 12. f3 {(36)} Bd7 {(6:
01)} 13. O-O {(1:21)} O-O {(35)} 14. g4 {(3:59)} Nf6
{(51)} 15. Ng3 {(1:58)} Ne8 {(8:47)} 16. Rae1 {
(04:36)} Nd6 {(5:29)} 17. e4 {(1:03)} dxe4 {(12:
22)} 18. fxe4 {(6)} Ndc4 {(7:51)} 19. Qc1 {(14:35)}
Bxg4 {(12:19)} 20. b3 {(1:40)} Rad8 {(11:34)} 21. Nf5 {
(08:41)} Bxf5 {(7:46)} 22. exf5 {(10)} Qf6 {(
00:13)} 23. Bxc4 {(18)} Nxc4 {(40)} 24. bxc4 {(
06)} Qxd4+ {(5)} 25. Kh1 {(7:16)} Rfe8 {(5:35)} 26.
f6 {(1:57)} Rxe1 {(3:09)} 27. Qxe1 {(15)} Qxc4 {
(00:36)} 28. fxg7 {(51)} Rd6 {(5:31)} 29. Rg1 {
(16:35)} Rg6 {(4:21)} 30. Qe5 {(20)} Qe6 {(2:
09)} 31. Qb8+ {(1:01)} Kxg7 {(5)} 32. Qxa7 {(9)}
Qc4 {(6:21)} 33. Qe3 {(2:33)} b5 {(4)} 34. a3 {
(05:45)} c5 {(2:51)} 35. Ne4 {(17:49)} f5 {(3:02)
} 36. Rxg6+ {(1:48)} Kxg6 {(1)} 37. Nxc5 {(12)}
Qd5+ {(1:15)} 38. Kg1 {(6)} Qd1+ {(9)} 39. Kg2 {
(00:32)} Qd5+ {(55)} 40. Kh3 {(0)} Qd1 {(
36)} 41. Qe8+ {(2:34)} Kf6 {(2:49)} 42. Nd7+ {(22)}
Kg5 {(30)} 43. Qg8+ {(44)} 1-0

[Event "FIDE World Chess Grand Prix 2017"]
[Site "Sharjah"]
[Date "2017.02.21"]
[Round "4"]
[White "Nakamura, Hikaru"]
[Black "Vachier-Lagrave, Maxime"]
[Result "1/2-1/2"]
[ECO "B51"]
[WhiteElo "2785"]
[BlackElo "2796"]
[Annotator ""]
[PlyCount "35"]
[EventDate "2017.??.??"]
[EventType "swiss"]
[EventCountry "UAE"]
[SourceTitle "playchess.com"]
[Source "ChessBase"]
[SourceQuality "1"]
[TimeControl "40/6000+30:20/3000+30:900+30"]

1. e4 {(0)} c5 {(5)} 2. Nf3 {(0)} d6 {(
00:03)} 3. Bb5+ {(0)} Nd7 {(19)} 4. O-O {(8)}
a6 {(4)} 5. Bd3 {(9)} Ngf6 {(13)} 6. Re1 {
(00:05)} e6 {(46)} 7. c3 {(1:19)} b5 {(5)}
8. Bc2 {(16:52)} c4 {(15)} 9. a4 {(8:40)} Bb7 {
(00:36)} 10. d4 {(55)} cxd3 {(7)} 11. Bxd3 {
(00:04)} bxa4 {(2:35)} 12. Qxa4 {(4:18)} Be7 {(
00:24)} 13. h3 {(1:54)} O-O {(16)} 14. Be3 {(5)}
Qc7 {(6:56)} 15. Nbd2 {(2:26)} Rfb8 {(5:11)} 16. Qa5 {
(05:33)} Bd8 {(3:25)} 17. Qxc7 {(6:12)} Bxc7 {(
00:08)} 18. b4 {(13)} 1/2-1/2

[Event "FIDE World Chess Grand Prix 2017"]
[Site "Sharjah"]
[Date "2017.02.21"]
[Round "4"]
[White "Nepomniachtchi, Ian"]
[Black "Grischuk, Alexander"]
[Result "1/2-1/2"]
[ECO "B92"]
[WhiteElo "2749"]
[BlackElo "2742"]
[Annotator ""]
[PlyCount "37"]
[EventDate "2017.??.??"]
[EventType "swiss"]
[EventCountry "UAE"]
[SourceTitle "playchess.com"]
[Source "ChessBase"]
[SourceQuality "1"]
[TimeControl "40/6000+30:20/3000+30:900+30"]

1. e4 {(0)} c5 {(25)} 2. Nf3 {(0)} d6 {(
00:49)} 3. d4 {(0)} cxd4 {(4)} 4. Nxd4 {(0)}
Nf6 {(4)} 5. Nc3 {(2)} a6 {(3)} 6. Be2 {
(00:07)} e5 {(56)} 7. Nb3 {(14)} Be7 {(5]
} 8. O-O {(12)} Be6 {(4:29)} 9. Qd3 {(1:22)} O-O {
(07:57)} 10. Bd2 {(19)} a5 {(6:14)} 11. a4 {(
04:49)} Na6 {(17:38)} 12. Nd5 {(37)} Bxd5 {(12)} 13.
exd5 {(8)} b6 {(33)} 14. Rfd1 {(1:59)} Nc7 {
(09:08)} 15. Bf3 {(4:11)} Nd7 {(2:41)} 16. Bg4 {(
00:06)} Nf6 {(33)} 17. Bf3 {(4)} Nd7 {(17)} 18.
Bg4 {(1:04)} Nf6 {(20)} 19. Bf3 {(50)} 1/2-1/2

[Event "FIDE World Chess Grand Prix 2017"]
[Site "Sharjah"]
[Date "2017.02.21"]
[Round "4"]
[White "Rapport, Richard"]
[Black "Salem, A R  Saleh"]
[Result "1/2-1/2"]
[ECO "A45"]
[WhiteElo "2692"]
[BlackElo "2656"]
[Annotator ""]
[PlyCount "52"]
[EventDate "2017.??.??"]
[EventType "swiss"]
[EventCountry "UAE"]
[SourceTitle "playchess.com"]
[Source "ChessBase"]
[SourceQuality "1"]
[TimeControl "40/6000+30:20/3000+30:900+30"]

1. d4 {(0)} Nf6 {(15)} 2. c3 {(0)} g6 {(
00:21)} 3. Bg5 {(15)} Bg7 {(17)} 4. Nd2 {(15)} d5
{(42)} 5. e3 {(8)} O-O {(1:33)} 6. Bd3 {(
00:13)} c5 {(6:42)} 7. Ngf3 {(15)} Qb6 {(2:50)} 8.
Qb3 {(2:19)} Nc6 {(1:32)} 9. Bc2 {(1:43)} Re8 {(
13:52)} 10. O-O {(8:27)} e5 {(32:59)} 11. dxe5 {(13:35)}
Nxe5 {(41)} 12. Nxe5 {(21)} Rxe5 {(4)} 13. f4 {
(00:44)} Re8 {(14:49)} 14. f5 {(5:23)} Qxb3 {(
05)} 15. axb3 {(7:35)} Ng4 {(40)} 16. h3 {(35:00)}
Nxe3 {(2:34)} 17. fxg6 {(7)} hxg6 {(54)} 18. Rfe1
{(15)} Bf5 {(2:47)} 19. Bxe3 {(2:25)} Bxc2 {(
00:14)} 20. Bxc5 {(8)} Bh6 {(2:42)} 21. Rxe8+ {(
56)} Rxe8 {(2)} 22. Nf3 {(8)} a6 {(25)} 23. b4
{(15)} Re2 {(10:06)} 24. b5 {(18)} Bd3 {(
12)} 25. bxa6 {(43)} bxa6 {(2)} 26. Re1 {(5:04)}
Rxe1+ {(1:47)} 1/2-1/2

[Event "FIDE World Chess Grand Prix 2017"]
[Site "Sharjah"]
[Date "2017.02.22"]
[Round "5"]
[White "Adams, Michael"]
[Black "Hammer, Jon Ludvig"]
[Result "1-0"]
[ECO "C50"]
[WhiteElo "2751"]
[BlackElo "2628"]
[Annotator ""]
[PlyCount "91"]
[EventDate "2017.??.??"]
[EventType "swiss"]
[EventCountry "UAE"]
[SourceTitle "playchess.com"]
[Source "ChessBase"]
[SourceQuality "1"]
[TimeControl "40/6000+30:20/3000+30:900+30"]

1. e4 {(0)} e5 {(8)} 2. Nf3 {(0)} Nc6 {
(8)} 3. Bc4 {(0)} Bc5 {(41)} 4. O-O {(
00)} Nf6 {(9)} 5. d3 {(6)} a6 {(1:34)} 6. c3 {
(37)} d6 {(49)} 7. a4 {(20)} O-O {(47)}
8. Re1 {(1:04)} Kh8 {(23:49)} 9. h3 {(4:15)} h6 {
(5)} 10. Na3 {(23:43)} Bxa3 {(3:23)} 11. Rxa3 {
(8)} Be6 {(7)} 12. Bxe6 {(3:18)} fxe6 {(
02)} 13. d4 {(48)} Qe8 {(9:58)} 14. dxe5 {(8:07)}
Nxe5 {(2:34)} 15. Nxe5 {(6)} dxe5 {(7)} 16. a5 {
(58)} Rd8 {(15:22)} 17. Qe2 {(5:34)} Qc6 {(
44)} 18. Rb3 {(3:58)} Rd7 {(11:41)} 19. Rb4 {(1:52)}
Rfd8 {(2:02)} 20. Be3 {(1:23)} Kg8 {(9)} 21. Qc4 {
(14:07)} Rd1 {(3:03)} 22. Rxd1 {(9:00)} Rxd1+ {(
06)} 23. Kh2 {(2)} Qxc4 {(1:53)} 24. Rxc4 {(2)
} c6 {(3:21)} 25. Rb4 {(2:43)} Rd7 {(45)} 26. Kg3 {
(11:27)} Kf7 {(13)} 27. Kf3 {(15)} g5 {(9:
47)} 28. Ba7 {(3:41)} Ng8 {(7)} 29. h4 {(2:10)} gxh4
{(5:19)} 30. Kg4 {(2:05)} Ne7 {(1:04)} 31. Be3 {
(50)} Ng8 {(5:48)} 32. Kxh4 {(37)} Ke8 {(2:
11)} 33. Rb3 {(4:41)} Rg7 {(5:28)} 34. g4 {(1:42)} Rf7
{(1:36)} 35. c4 {(1:01)} Rd7 {(1:19)} 36. Ba7 {(
02:12)} Nf6 {(11)} 37. f3 {(20)} Rf7 {(1:54)} 38.
Bb8 {(43)} Nd7 {(23)} 39. Bd6 {(9)} Kd8 {
(11)} 40. Kh5 {(0)} Rf6 {(17)} 41. Rd3 {(
16:43)} Ke8 {(22)} 42. Bb4 {(2:50)} c5 {(7:59)} 43.
Bd2 {(1:14)} Rf7 {(5)} 44. Bxh6 {(1:25)} Nf6+ {
(5)} 45. Kg6 {(47)} Ng8 {(9)} 46. Bg5 {(
39)} 1-0

[Event "FIDE World Chess Grand Prix 2017"]
[Site "Sharjah"]
[Date "2017.02.22"]
[Round "5"]
[White "Ding, Liren"]
[Black "Nepomniachtchi, Ian"]
[Result "1/2-1/2"]
[ECO "A50"]
[WhiteElo "2760"]
[BlackElo "2749"]
[Annotator ""]
[PlyCount "89"]
[EventDate "2017.??.??"]
[EventType "swiss"]
[EventCountry "UAE"]
[SourceTitle "playchess.com"]
[Source "ChessBase"]
[SourceQuality "1"]
[TimeControl "40/6000+30:20/3000+30:900+30"]

1. d4 {(0)} Nf6 {(5)} 2. c4 {(0)} g6 {(
04)} 3. f3 {(0)} c5 {(22)} 4. d5 {(0)} e6 {
(9)} 5. Nc3 {(18)} d6 {(8)} 6. e4 {(
03)} Bg7 {(8)} 7. Bg5 {(22)} O-O {(32)} 8. Qd2 {
(6)} h6 {(23)} 9. Be3 {(5)} exd5 {(
10)} 10. cxd5 {(4)} a6 {(13)} 11. a4 {(4)} Nh7
{(1:15)} 12. a5 {(11:42)} h5 {(5:30)} 13. Ra3 {(
02:06)} Nd7 {(12:23)} 14. Nh3 {(47)} Rb8 {(47)} 15.
Be2 {(22:13)} b5 {(2:58)} 16. axb6 {(3)} Qxb6 {
(7)} 17. Ra2 {(10)} Ne5 {(5:39)} 18. Nf2 {(
28)} a5 {(6)} 19. O-O {(8:14)} Ba6 {(47)} 20.
Bxa6 {(16:14)} Qxa6 {(2:08)} 21. Rfa1 {(6)} Nc4 {
(10:25)} 22. Qe2 {(1:02)} Ra8 {(2:47)} 23. Bc1 {(
01:25)} Rfb8 {(33)} 24. Nfd1 {(49)} Nf8 {(2:15)}
25. Ra4 {(1:59)} Rb4 {(23)} 26. b3 {(1:29)} Nb6 {
(4:27)} 27. Qxa6 {(7:04)} Rxa6 {(5)} 28. Rxa5 {
(31)} Rxa5 {(3:43)} 29. Rxa5 {(1)} Rxb3 {(
01:08)} 30. Rb5 {(1:01)} c4 {(3:12)} 31. Kf1 {(1:38)}
Nfd7 {(2:00)} 32. Bf4 {(29)} Ne5 {(17:23)} 33. Be3 {
(4:06)} Nbd7 {(53)} 34. Ke2 {(48)} Ra3 {(1:
25)} 35. Rb4 {(2:32)} Rb3 {(4:31)} 36. Ra4 {(3:43)} Nb6
{(40)} 37. Ra6 {(3:16)} Ned7 {(6)} 38. Kd2 {
(10)} f5 {(9)} 39. Kc2 {(7:43)} fxe4 {(1:
01)} 40. fxe4 {(0)} Be5 {(21)} 41. h3 {(5:42)} Kf8
{(1:00)} 42. Nb1 {(3:41)} Rb4 {(1:34)} 43. Nd2 {
(2:29)} Ke8 {(13:37)} 44. Nf3 {(13:24)} Bf6 {(
07)} 45. g4 {(4:54)} 1/2-1/2

[Event "FIDE World Chess Grand Prix 2017"]
[Site "Sharjah"]
[Date "2017.02.22"]
[Round "5"]
[White "Grischuk, Alexander"]
[Black "Eljanov, Pavel"]
[Result "1-0"]
[ECO "D38"]
[WhiteElo "2742"]
[BlackElo "2759"]
[Annotator ""]
[PlyCount "97"]
[EventDate "2017.??.??"]
[EventType "swiss"]
[EventCountry "UAE"]
[SourceTitle "playchess.com"]
[Source "ChessBase"]
[SourceQuality "1"]
[TimeControl "40/6000+30:20/3000+30:900+30"]

1. d4 {(0)} Nf6 {(17)} 2. c4 {(0)} e6 {(
06)} 3. Nf3 {(17)} d5 {(1:17)} 4. Nc3 {(32)} Bb4
{(36)} 5. cxd5 {(1:29)} exd5 {(5)} 6. Bg5 {
(6)} h6 {(1:03)} 7. Bh4 {(9)} O-O {(13]
} 8. e3 {(1:36)} Bf5 {(41)} 9. Qb3 {(1:37)} Bxc3+ {
(10)} 10. bxc3 {(24)} Nbd7 {(36)} 11. Be2 {
(1:25)} c5 {(7:26)} 12. dxc5 {(2:05)} Nxc5 {(8:
45)} 13. Qb4 {(3:26)} Nce4 {(20:56)} 14. Nd4 {(11:00)}
Bh7 {(57)} 15. O-O {(25)} g5 {(3:17)} 16. Bg3 {
(2:10)} Qb6 {(3:55)} 17. Qxb6 {(20:14)} axb6 {(
05)} 18. Rfc1 {(34)} Rfc8 {(12:25)} 19. c4 {(47)}
Nxg3 {(21)} 20. hxg3 {(9)} Rc5 {(48)} 21. Nb3 {
(6:23)} Rc7 {(1:00)} 22. cxd5 {(5:53)} Rxc1+ {(
10)} 23. Rxc1 {(31)} Nxd5 {(6:25)} 24. Nd4 {(13:19]
} Bg6 {(9:38)} 25. Bb5 {(7:46)} Nb4 {(14:13)} 26. a4 {
(11:12)} Na6 {(1:46)} 27. f3 {(12:51)} Nc5 {(2:
02)} 28. e4 {(1:03)} Rd8 {(2:10)} 29. Rc4 {(58)} h5 {
(3:08)} 30. Kf2 {(2:13)} f6 {(45)} 31. Ke3 {(
44)} Bf7 {(6)} 32. Rb4 {(38)} Ra8 {(1:50)} 33.
Ne2 {(1:14)} Rc8 {(3:34)} 34. Rd4 {(1:00)} Be8 {
(2:56)} 35. Rd6 {(55)} Bxb5 {(2:09)} 36. axb5 {
(3)} Kf7 {(4)} 37. Nc3 {(2:11)} Re8 {(1:
08)} 38. Rxb6 {(1:00)} f5 {(1:00)} 39. Rd6 {(34)}
fxe4 {(19)} 40. Nxe4 {(0)} Nxe4 41. fxe4 {(2:49)}
Ra8 {(1:14)} 42. Rd7+ {(12:16)} Kf6 {(3:19)} 43. Rxb7 {
(4:39)} Ra3+ {(7)} 44. Kd4 {(2:16)} Rxg3 {(
06)} 45. b6 {(6:15)} Rxg2 {(3:41)} 46. Rb8 {(1:34)}
Rb2 {(5:39)} 47. b7 {(9:53)} Kg7 {(9)} 48. e5 {
(2:07)} g4 {(9)} 49. Kc3 {(2:07)} 1-0

[Event "FIDE World Chess Grand Prix 2017"]
[Site "Sharjah"]
[Date "2017.02.22"]
[Round "5"]
[White "Mamedyarov, Shakhriyar"]
[Black "Nakamura, Hikaru"]
[Result "1/2-1/2"]
[ECO "D37"]
[WhiteElo "2766"]
[BlackElo "2785"]
[Annotator ""]
[PlyCount "57"]
[EventDate "2017.??.??"]
[EventType "swiss"]
[EventCountry "UAE"]
[SourceTitle "playchess.com"]
[Source "ChessBase"]
[SourceQuality "1"]
[TimeControl "40/6000+30:20/3000+30:900+30"]

1. d4 {(0)} Nf6 {(9)} 2. c4 {(0)} e6 {(
04)} 3. Nf3 {(0)} d5 {(5)} 4. Nc3 {(1)} Be7
{(4)} 5. Bf4 {(26)} O-O {(18)} 6. e3 {(
06)} c5 {(3)} 7. dxc5 {(15)} Bxc5 {(7)} 8.
cxd5 {(8)} Nxd5 {(14)} 9. Nxd5 {(8)} exd5 {
(5)} 10. a3 {(7)} Nc6 {(13)} 11. Bd3 {(
24)} Bb6 {(34)} 12. O-O {(13)} Bg4 {(11)} 13.
h3 {(8)} Bh5 {(4)} 14. b4 {(14)} a6 {(
17)} 15. Rc1 {(11)} d4 {(46)} 16. e4 {(7)} f6
{(40)} 17. g4 {(8:51)} Bg6 {(1:39)} 18. Re1 {(
01:18)} Rc8 {(21:26)} 19. b5 {(9:24)} axb5 {(1:35)} 20.
Qb3+ {(1:12)} Kh8 {(7:23)} 21. Qxb5 {(1:28)} Ra8 {
(2:06)} 22. a4 {(3:52)} Be8 {(5:09)} 23. Qb3 {(
19:18)} Bf7 {(27)} 24. Qa3 {(12:28)} Ba5 {(6:25)} 25.
Bd2 {(41)} Bxd2 {(3:51)} 26. Nxd2 {(8)} Qa5 {
(7)} 27. Nf3 {(22)} Qxa4 {(8:55)} 28. Qxa4 {
(13)} Rxa4 {(3)} 29. Bb5 {(5)} 1/2-1/2

[Event "FIDE World Chess Grand Prix 2017"]
[Site "Sharjah"]
[Date "2017.02.22"]
[Round "5"]
[White "Riazantsev, Alexander"]
[Black "Jakovenko, Dmitry"]
[Result "0-1"]
[ECO "A30"]
[WhiteElo "2671"]
[BlackElo "2709"]
[Annotator ""]
[PlyCount "38"]
[EventDate "2017.??.??"]
[EventType "swiss"]
[EventCountry "UAE"]
[SourceTitle "playchess.com"]
[Source "ChessBase"]
[SourceQuality "1"]
[TimeControl "40/6000+30:20/3000+30:900+30"]

1. c4 {(0)} c5 {(2:11)} 2. Nf3 {(6)} Nc6 {
(6)} 3. e3 {(4:58)} Nf6 {(1:32)} 4. d4 {(8:
07)} cxd4 {(5)} 5. exd4 {(10)} d5 {(3)} 6. Nc3
{(1:09)} Bg4 {(13)} 7. cxd5 {(3:39)} Nxd5 {(
06)} 8. Qb3 {(13)} Bxf3 {(11)} 9. gxf3 {(17)}
e6 {(5)} 10. Qxb7 {(3:08)} Nxd4 {(1:25)} 11. Bb5+ {
(40)} Nxb5 {(6)} 12. Qc6+ {(3:35)} Ke7 {(
06)} 13. Qc5+ {(12)} Ke8 {(9:05)} 14. Qxb5+ {(8:
14)} Qd7 {(1:15)} 15. Nxd5 {(2:25)} exd5 {(7)} 16.
Qb3 {(11:47)} Bd6 {(18:33)} 17. O-O {(4:43)} Rb8 {
(4:09)} 18. Qe3+ {(19:43)} Kf8 {(31)} 19. Rd1 {
(6)} Qh3 {(4:25)} 0-1

[Event "FIDE World Chess Grand Prix 2017"]
[Site "Sharjah"]
[Date "2017.02.22"]
[Round "5"]
[White "Salem, A R  Saleh"]
[Black "Hou, Yifan"]
[Result "1/2-1/2"]
[ECO "D38"]
[WhiteElo "2656"]
[BlackElo "2651"]
[Annotator ""]
[PlyCount "57"]
[EventDate "2017.??.??"]
[EventType "swiss"]
[EventCountry "UAE"]
[SourceTitle "playchess.com"]
[Source "ChessBase"]
[SourceQuality "1"]
[TimeControl "40/6000+30:20/3000+30:900+30"]

1. d4 {(0)} Nf6 {(7)} 2. c4 {(0)} e6 {(
04)} 3. Nf3 {(0)} d5 {(22)} 4. Nc3 {(2)} Bb4
{(1:44)} 5. Bg5 {(40)} h6 {(12)} 6. Bxf6 {(
06)} Qxf6 {(5)} 7. Qb3 {(24)} c5 {(5:22)} 8.
cxd5 {(25)} exd5 {(5)} 9. a3 {(31)} Bxc3+ {
(5)} 10. Qxc3 {(5)} Nd7 {(25)} 11. e3 {(
05:10)} O-O {(4:15)} 12. Be2 {(17)} b6 {(39)} 13.
O-O {(8)} Bb7 {(4:35)} 14. Rfc1 {(54)} Rfc8 {
(14:13)} 15. dxc5 {(2:06)} Qxc3 {(17)} 16. Rxc3 {
(8)} Rxc5 {(51)} 17. Rcc1 {(1:09)} Rac8 {(
15:05)} 18. Rcb1 {(7)} Nf8 {(4:12)} 19. Nd4 {(9:29)}
Ne6 {(11:44)} 20. Bg4 {(9:58)} Re8 {(6)} 21. b4 {
(5)} Rc4 {(4)} 22. Be2 {(31)} Rcc8 {(1:
01)} 23. Nf5 {(3:59)} Rc7 {(12:55)} 24. Rc1 {(48)}
Rec8 {(5:43)} 25. Rd1 {(10)} Rd8 {(8)} 26. h4 {
(5:49)} Kf8 {(3:37)} 27. Bf3 {(4:27)} Rcd7 {(8:
29)} 28. a4 {(24:55)} d4 {(3:07)} 29. Bxb7 {(6:00)}
1/2-1/2

[Event "FIDE World Chess Grand Prix 2017"]
[Site "Sharjah"]
[Date "2017.02.22"]
[Round "5"]
[White "Tomashevsky, Evgeny"]
[Black "Rapport, Richard"]
[Result "1/2-1/2"]
[ECO "E18"]
[WhiteElo "2711"]
[BlackElo "2692"]
[Annotator ""]
[PlyCount "45"]
[EventDate "2017.??.??"]
[EventType "swiss"]
[EventCountry "UAE"]
[SourceTitle "playchess.com"]
[Source "ChessBase"]
[SourceQuality "1"]
[TimeControl "40/6000+30:20/3000+30:900+30"]

1. d4 {(0)} Nf6 {(8)} 2. c4 {(0)} e6 {(
03)} 3. Nf3 {(0)} b6 {(8)} 4. g3 {(0)} Bb7
{(4)} 5. Bg2 {(11)} Be7 {(25)} 6. O-O {(
37)} O-O {(6)} 7. Nc3 {(46)} Ne4 {(8)} 8.
Bd2 {(12)} d6 {(13)} 9. d5 {(14:52)} Nxd2 {(
17)} 10. Nxd2 {(6)} e5 {(17)} 11. b4 {(5)}
a5 {(7)} 12. bxa5 {(6:17)} Rxa5 {(21)} 13. Nb3 {
(7)} Ra8 {(6:58)} 14. a4 {(26)} Bc8 {(8:
21)} 15. a5 {(5:03)} Na6 {(50)} 16. Nb5 {(17:04)} f5 {
(3:06)} 17. Ra3 {(3:58)} f4 {(21:44)} 18. axb6 {(
14:33)} cxb6 {(34)} 19. Nd2 {(2:31)} Bg4 {(10:07)} 20.
Bf3 {(7:40)} Bh3 {(43)} 21. Bg2 {(4)} Bg4 {
(26)} 22. Bf3 {(11:36)} Bh3 {(18)} 23. Bg2 {(
07)} 1/2-1/2